 Dungeon Crawl Stone Soup version 0.19-a0-854-gc78d25d (webtiles) character file.

3 Implojin the Skirmisher (level 1, -2/19 HPs)
             Began as a Minotaur Abyssal Knight on July 1, 2016.
             Was an Initiate of Lugonu.
             Slain by a worm (8 damage)
             ... on level 2 of the Dungeon.
             The game lasted 00:00:28 (114 turns).

Implojin the Skirmisher (Minotaur Abyssal Knight)    Turns: 114, Time: 00:00:29

Health: -2/19      AC:  3    Str: 16    XL:     1   Next: 41%
Magic:  1/1        EV: 11    Int:  9    God:    Lugonu [......]
Gold:   0          SH:  0    Dex:  9    Spells: 0 memorised, 0 levels left

rFire  . . .     SeeInvis .     a - +1 hand axe
rCold  . . .     Gourm    .     b - +0 leather armour
rNeg   . . .     Faith    .     (no shield)
rPois  .         Spirit   .     (helmet restricted)
rElec  .         Dismiss  .     (no cloak)
rCorr  .         Reflect  .     (no gloves)
SustAt .         Harm     .     (no boots)
MR     .....                    (no amulet)
Stlth  +.........               (no ring)
                                (no ring)

@: not resistant to hostile enchantments, very unstealthy
A: retaliatory headbutt, horns 2
a: Renounce Religion


You were on level 2 of the Dungeon.
You worshipped Lugonu.
Lugonu was noncommittal.
You were not hungry.

You visited 1 branch of the dungeon, and saw 2 of its levels.
You visited the Abyss 1 time.

Inventory:

Hand Weapons
 a - a +1 hand axe (weapon)
Armour
 b - a +0 leather armour (worn)
Potions
 d - a potion of degeneration {unknown}
Comestibles
 c - a bread ration


   Skills:
 - Level 3.6 Fighting
 * Level 2.8 Axes
 - Level 2.4 Armour
 - Level 1.1 Dodging
 - Level 1.7 Invocations


You couldn't memorise any spells.
You didn't know any spells.

Dungeon Overview and Level Annotations

Branches:
Dungeon (2/15)

Altars:


Innate Abilities, Weirdness & Mutations

You reflexively headbutt those who attack you in melee.
You have a pair of horns on your head.


Message History

You hit the giant newt.
You kill the giant newt!
Lugonu accepts your kill.
You see here a giant newt corpse.
A rat comes into view.
Found a purple potion.
A worm comes into view.
The rat closely misses you.
You hit the rat.
You kill the rat!
Lugonu accepts your kill.
You see here a rat corpse.
d - a purple potion
There are no items here.
The worm bites you.
* * * LOW HITPOINT WARNING * * *
Unknown command.
You hit the worm but do no damage. The worm bites you.
* * * LOW HITPOINT WARNING * * *
Unknown command.
You completely miss the worm. You hit the worm.
The worm is lightly wounded.
The worm closely misses you.
You hit the worm.
The worm is lightly wounded.
The worm bites you but does no damage.
You hit the worm.
The worm is moderately wounded.
You hit the worm.
The worm is heavily wounded.
The worm misses you. You furiously retaliate!
You headbutt the worm! You barely miss the worm.
The worm is almost dead.
The worm misses you.
You hit the worm but do no damage.
You headbutt the worm, but do no damage.
The worm is almost dead.
The worm bites you!
You die...

#.# ##+## #.# #.# #.#
#.#####.## #.#
####.........
#.#########......##.###
#..........†.....##.###
#############..†..w....
##w####.### #@# #
#.####.# #......#
#.###### #.# #.# #.#
#.. #.#


You could see a worm.

Vanquished Creatures
  A goblin (D:1)
  A giant newt (D:2)
  2 rats
4 creatures vanquished.

Notes
Turn   | Place    | Note
-------+----------+-------------------------------------------
     0 | Abyss:1  | Implojin the Minotaur Abyssal Knight began the quest for the Orb.
     0 | Abyss:1  | Reached XP level 1. HP: 19/19 MP: 1/1
     4 | D:1      | Escaped the Abyss
   114 | D:2      | Slain by a worm

Vault maps used:
D:1:      onia_arrival_handbag, grunt_decor_mini_mirrors
D:2:      nicolae_qazlal_eye_of_the_storm, lightli_corner_chamber, uniq_natasha

Action                   || total
-------------------------++-------
Melee: Hand axe          ||    13
       Headbutt          ||     1
Invok: Depart the Abyss  ||     1
Armor: Leather armour    ||     1
Dodge: Dodged            ||     6

Table legend:
 A = Turns spent in this place as a percentage of turns spent in the entire game.
 B = Non-inter-level travel turns spent in this place as a percentage of non-inter-level travel turns spent in the entire game.
 C = Inter-level travel turns spent in this place as a percentage of turns spent in this place.
 D = Turns resting spent in this place as a percentage of non-inter-level travel turns spent in this place.
 E = Turns spent auto-exploring this place as a percentage of non-inter-level travel turns spent in this place.
 F = Non-inter-level travel turns spent in this place divided by the number of levels of this place that you've seen.
                   A       B       C       D       E      F
               +-------+-------+-------+-------+-------+----------------------
         Total | 100.0 | 100.0 |   0.0 |   0.0 |   0.0 |  39.7
       Dungeon |  95.8 |  95.8 |   0.0 |   0.0 |   0.0 |  57.0
         Abyss |   4.2 |   4.2 |   0.0 |   0.0 |   0.0 |   5.0
               +-------+-------+-------+-------+-------+----------------------

Table legend:
 A = Kills in this place as a percentage of kills in entire the game.
 B = Kills by you in this place as a percentage of kills by you in the entire game.
 C = Kills by friends in this place as a percentage of kills by friends in the entire game.
 D = Other kills in this place as a percentage of other kills in the entire game.
 E = Experience gained in this place as a percentage of experience gained in the entire game.
 F = Experience gained in this place divided by the number of levels of this place that you have seen.
                   A       B       C       D       E      F
               +-------+-------+-------+-------+-------+----------------------
         Total | 100.0 | 100.0 |  -nan |  -nan | 100.0 |   1.7
       Dungeon | 100.0 | 100.0 |  -nan |  -nan | 100.0 |   2.5
               +-------+-------+-------+-------+-------+----------------------
